 Dungeon Crawl Stone Soup version 0.29.0-10-g45618ea6d2 (webtiles) character file.

Game seed: 16579015751953606570

644 Flugkiller the Chopper (level 7, 0/62 HPs)
             Began as a Minotaur Fighter on Sept 1, 2022.
             Was an Initiate of Okawaru.
             Slain by Edmund
             ... wielding a +6 vorpal flail
              (1 damage)
             ... on level 5 of the Dungeon.
             The game lasted 00:02:05 (3961 turns).

Flugkiller the Chopper (Minotaur Fighter)           Turns: 3961, Time: 00:02:06

Health: 0/62       AC:  8    Str: 20    XL:     7   Next: 27%
Magic:  7/7        EV:  8    Int:  5    God:    Okawaru [......]
Gold:   202        SH:  8    Dex: 12    Spells: 6/6 levels left

rFire   . . .      SeeInvis .   a - +0 war axe
rCold   . . .      Faith    .   g - +0 kite shield
rNeg    . . .      Spirit   .   b - +0 scale mail
rPois   .          Reflect  .   (helmet restricted)
rElec   .          Harm     .   (no cloak)
rCorr   .          Rampage  .   (no gloves)
Will    .....                   l - +0 pair of boots
Stlth   ..........              t - amulet of regeneration
HPRegen 1.00/turn               (no ring)
MPRegen 0.10/turn               (no ring)

@: no status effects
A: horns 2, retaliatory headbutt
a: Renounce Religion


You were on level 5 of the Dungeon.
You worshipped Okawaru.
Okawaru was noncommittal.
You visited 2 branches of the dungeon, and saw 6 of its levels.
You also visited: Sewer.

You collected 202 gold pieces.

Inventory:

Hand Weapons
 a - a +0 war axe (weapon)
Armour
 b - a +0 scale mail (worn)
 c - a +0 buckler
 g - a +0 kite shield (worn)
   (You found it on level 1 of the Dungeon)
 l - a +0 pair of boots (worn)
   (You found it on level 2 of the Dungeon)
Jewellery
 q - an amulet of faith
   (You found it on level 3 of the Dungeon)
 t - an amulet of regeneration (around neck)
   (You found it on level 3 of the Dungeon)
Wands
 n - a wand of iceblast (12)
   (You found it on level 2 of the Dungeon)
 y - a wand of light (2)
   (You found it in a sewer)
Scrolls
 f - a scroll of enchant armour {unknown}
 h - a scroll of poison {unknown}
 i - 2 scrolls of teleportation {unknown}
 j - a scroll of immolation {unknown}
 k - 6 scrolls of identify {unknown}
 o - a scroll of fear {unknown}
 p - a scroll of torment {unknown}
 r - a scroll of magic mapping {unknown}
 s - a scroll of amnesia {unknown}
 w - a scroll of blinking {unknown}
 x - a scroll of vulnerability {unknown}
Potions
 d - a potion of might
 e - 2 potions of berserk rage
 m - a potion of lignification {unknown}
 u - a potion of resistance {unknown}
 v - 2 potions of curing {unknown}


   Skills:
 + Level 5.8 Fighting
 * Level 6.9 Axes
 + Level 5.7 Armour
 - Level 3.6 Shields
 + Level 1.3 Invocations
 + Level 0.7 Evocations


You had 6 spell levels left.
You didn't know any spells.
Your spell library was empty.

Dungeon Overview and Level Annotations

Branches:
Dungeon (5/15)             Temple (1/1) D:4           Sewer (visited)

Altars:
Ashenzari
Cheibriados
Dithmenos
Elyvilon
Fedhas
Gozag
Hepliaklqana
Kikubaaqudgha
Makhleb
Nemelex Xobeh
Okawaru
Qazlal
Ru
Trog
Uskayaw
Vehumet
Wu Jian
Xom
Yredelemnul
Zin
The Shining One

Annotations:
D:5 Edmund


Innate Abilities, Weirdness & Mutations

You have a pair of horns on your head.
You reflexively headbutt those who attack you in melee.


Message History

You enter the shallow water.
Moving in this stuff is going to be slow.
You enter the shallow water.
Moving in this stuff is going to be slow.
You enter the shallow water.
Moving in this stuff is going to be slow.
Partly explored, can't reach some places.
No target in view!
Partly explored, can't reach some places.
Partly explored, can't reach some places.
No target in view!
(D) Dungeon (T) Temple
Where to? (Enter - Temple @ (x,y), ? - help)
You enter the shallow water.
Moving in this stuff is going to be slow.
You enter the shallow water.
Moving in this stuff is going to be slow.
There is a stone staircase leading down here.
You climb downwards.
The orc shouts! x3; You hear a shout!
Found a coppery potion, a scale mail and 8 gold pieces.
Found a stone staircase leading down.
There is a stone staircase leading up here.
There are monsters nearby!
Unknown command.
There are monsters nearby!
There are monsters nearby!
An orc comes into view. It is wielding a +0 trident.
The orc shouts!
Edmund the Younger comes into view.
He is wielding a +6 vorpal flail.
You see here a coppery potion.
Edmund shouts!
You hit the orc but do no damage. You headbutt the orc, but do no damage.
You hit the orc but do no damage.
You hear a shout!
The orc barely misses you. The orc completely misses you.
You slash the orc!
You kill the orc!
Okawaru accepts your kill.
You closely miss the orc. The orc barely misses you.
You hit the orc. Your headbutt misses the orc.
The orc is moderately wounded.
You closely miss the orc. The orc hits you with a +0 hand axe.
You block the orc's attack. x2; The orc closely misses you.
You furiously retaliate!
You headbutt the orc!
You kill the orc!
Okawaru accepts your kill.
The orc hits you from afar with a +0 trident!
The orc hits you but does no damage. x2
You hit the orc but do no damage.
The orc is moderately wounded.
You slash the orc!
You kill the orc!
Okawaru accepts your kill. The orc hits you with a +0 club.
Edmund gestures with his flail.
The orc closely misses you. You block Edmund's attack.
You slash the orc!
You kill the orc!
Okawaru accepts your kill.
You barely miss Edmund. You block Edmund's attack.
The orc hits you from afar with a +0 trident.
You slash Edmund!
Edmund is lightly wounded.
You block Edmund's attack.
The orc hits you from afar with a +0 trident.
Edmund hits you with a +6 vorpal flail. The orc closely misses you.
You hit Edmund.
Edmund is moderately wounded.
The orc hits you from afar with a +0 trident.
Edmund barely misses you.
You barely miss Edmund. You headbutt Edmund!
Edmund is heavily wounded.
You block Edmund's attack. The orc barely misses you.
You closely miss Edmund. You headbutt Edmund, but do no damage.
Edmund is heavily wounded.
Edmund hits you with a +6 vorpal flail! You block the orc's attack.
Edmund hits you with a +6 vorpal flail!
* * * LOW HITPOINT WARNING * * *
x2 The orc barely misses you.
You are too injured to fight recklessly!
You are too injured to fight recklessly!
You are too injured to fight recklessly!
You block the orc's attack. Edmund hits you with a +6 vorpal flail.
* * * LOW HITPOINT WARNING * * *
x2
Items here: ! ) [ †.
You are too injured to fight recklessly!
You are too injured to fight recklessly!
Unknown command.
Okay, then.
Edmund attacks as you move away! Edmund hits you with a +6 vorpal flail.
* * * LOW HITPOINT WARNING * * *
x2 The orc hits you from afar with a +0 trident.
* * * LOW HITPOINT WARNING * * *
You barely miss Edmund.
Edmund is heavily wounded.
Edmund hits you with a +6 vorpal flail.
* * * LOW HITPOINT WARNING * * *
You die...

## .# .# .#
######.#
####...<..######
.......@@.....>.
...#...).[#.##.#
. #..)o).# #
#$.....#
#........
#......#.#
.......#.#
...#.##.# #
....#. .#


You could see Edmund and an orc.

Vanquished Creatures
  Pargi (Sewer)
  A black bear (D:4)
  2 scorpions (D:4)
  2 hounds (D:4)
  A jelly (D:4)
  An orc priest (D:3)
  3 gnolls (D:4)
  5 adders
  An ufetubus (D:4)
  4 worms
  4 dart slugs
  10 orcs
  11 endoplasms
  2 giant cockroaches
  8 goblins
  13 hobgoblins
  4 jackals (D:2)
  7 kobolds
  5 quokkas
  15 ball pythons
  11 bats
  2 frilled lizards (D:1)
  7 rats
120 creatures vanquished.

Notes
Turn   | Place    | Note
-------+----------+-------------------------------------------
     0 | D:1      | Flugkiller the Minotaur Fighter began the quest for the
                  | Orb.
     0 | D:1      | Reached XP level 1. HP: 19/19 MP: 0/0
   165 | D:1      | Reached XP level 2. HP: 27/27 MP: 1/1
   191 | D:1      | Reached skill level 3 in Axes
   493 | D:1      | Reached XP level 3. HP: 31/33 MP: 2/2
  1079 | D:2      | Reached skill level 4 in Axes
  1285 | D:2      | Reached XP level 4. HP: 40/40 MP: 3/3
  2333 | D:3      | Found a faded altar of an unknown god.
  2607 | D:4      | Reached skill level 5 in Axes
  2607 | D:4      | Reached XP level 5. HP: 19/47 MP: 4/4
  2709 | D:4      | Reached skill level 5 in Fighting
  2709 | D:4      | Reached skill level 5 in Armour
  2773 | D:4      | Reached XP level 6. HP: 56/56 MP: 5/5
  2794 | D:4      | Reached skill level 6 in Axes
  2795 | D:4      | Found a staircase to the Ecumenical Temple.
  2814 | Temple   | Entered the Ecumenical Temple
  3057 | Temple   | Became a worshipper of Warmaster Okawaru
  3152 | D:4      | Found a glowing drain.
  3167 | Sewer    | Entered a sewer
  3190 | Sewer    | Noticed Pargi
  3197 | Sewer    | Killed Pargi
  3439 | D:4      | Reached skill level 1 in Invocations
  3439 | D:4      | Reached XP level 7. HP: 61/61 MP: 6/6
  3946 | D:5      | Entered Level 5 of the Dungeon
  3948 | D:5      | Noticed Edmund
  3960 | D:5      | HP: 3/62 [Edmund/+6 vorpal flail (4)]
  3961 | D:5      | HP: 1/62 [Edmund/+6 vorpal flail (3)]
  3961 | D:5      | Slain by Edmund

Illustrated notes

Levels and vault maps discovered:
D:1:      dpeg_arrival_rhombus, layout_basic
D:2:      layout_basic, chequers_serial_rivers_room_a
D:3:      layout_basic, shapermc_ecumenical_altar_hornbeckon,
          serial_co_window_serial, co_window_paths_b, co_window_paths_a,
          co_window_paths_a, co_window_cross_1, co_window_paths_b,
          co_window_of_opportunity_b, co_window_of_opportunity_b,
          co_window_unsneaky_path_e, co_window_of_opportunity_b,
          co_window_unsneaky_path_c, co_window_unsneaky_path_d,
          co_window_4corner_a, glass_columns_a, glass_columns_a,
          glass_columns_a, st_stairs_8, chequers_serial_rivers_micro_d
D:4:      layout_loops_ring, minmay_temple_entry_crystal_x,
          cheibrodos_sewer_entry_bend, serial_rivers,
          chequers_serial_rivers_large_b, chequers_serial_rivers_micro_b,
          chequers_serial_rivers_small_a, chequers_serial_rivers_small_b,
          chequers_serial_rivers_large_a, chequers_serial_rivers_micro_d,
          minmay_snake_closets
D:5:      layout_basic, uniq_edmund, uniq_prince_ribbit1
Temple:   mainiacjoe_temple_starburst

Skill      XL: |  1  2  3  4  5  6 |
---------------+-------------------+-----
Axes           | 3 4 5 6 |  6.9
Fighting       | 4 5 |  5.8
Armour         | 4 5 |  5.7
Invocations    | 1 |  1.3
Shields        | |  3.6
Evocations     | |  0.7

Action                   |  1- 3 |  4- 6 |  7- 9 || total
-------------------------+-------+-------+-------++-------
Melee: War axe           |    90 |   116 |    38 ||   244
       Headbutt          |     8 |    18 |     7 ||    33
Armor: Scale mail        |    48 |    50 |    21 ||   119
Dodge: Dodged            |    38 |    40 |    20 ||    98
Block: Buckler           |     6 |       |       ||     6
       Kite shield       |    23 |    57 |    27 ||   107
